 Dungeon Crawl Stone Soup version 0.29-a0-1008-g949cc1d0fb (webtiles) character file.

Game seed: 10470324824466098587

327 stepladder the Covered (level 6, -11/39 HPs)
             Began as a Gargoyle Fighter on Aug 7, 2022.
             Was an Initiate of Okawaru.
             Mangled by an ogre
             ... wielding a +0 giant spiked club
              (29 damage)
             ... on level 4 of the Dungeon.
             The game lasted 00:12:39 (5215 turns).

stepladder the Covered (Gargoyle Fighter)           Turns: 5215, Time: 00:12:40

Health: -11/39     AC: 14    Str: 19    XL:     6   Next: 50%
Magic:  6/6        EV:  9    Int:  9    God:    Okawaru [......]
Gold:   166        SH:  5    Dex: 11    Spells: 1/5 levels left

rFire   . . .      SeeInvis .   p - +1 dagger (venom)
rCold   . . .      Faith    .   c - +0 buckler
rNeg    + . .      Spirit   .   b - +0 scale mail
rPois   ∞          Reflect  .   (no helmet)
rElec   +          Harm     .   (no cloak)
rCorr   .          Rampage  .   u - +0 pair of gloves
Will    .....                   h - +0 pair of boots
Stlth   ..........              (no amulet)
HPRegen 0.13/turn               (no ring)
MPRegen 0.10/turn               (no ring)

@: no status effects
A: sickness immunity, AC +4, negative energy resistance 1, electricity
resistance, torment resistance 1, petrification resistance
a: Renounce Religion


You were on level 4 of the Dungeon.
You worshipped Okawaru.
Okawaru was noncommittal.
You visited 1 branch of the dungeon, and saw 4 of its levels.

You collected 166 gold pieces.

Inventory:

Hand Weapons
 a - a +0 flail
 g - a +0 sling
 p - a +1 dagger of venom (weapon)
 w - a +0 trident
Missiles
 d - 2 boomerangs
 o - 17 stones (quivered)
 q - 2 poisoned darts
Armour
 b - a +0 scale mail (worn)
 c - a +0 buckler (worn)
 h - a +0 pair of boots (worn)
 u - a +0 pair of gloves (worn)
Scrolls
 e - 3 scrolls of identify
 f - 2 scrolls of amnesia
 j - a scroll of acquirement {unknown}
 l - a scroll of silence {unknown}
 n - a scroll of teleportation {unknown}
 t - a scroll of vulnerability {unknown}
 x - a scroll of blinking {unknown}
 y - a scroll of butterflies {unknown}
 B - a scroll of torment {unknown}
Potions
 i - a potion of might
 k - 3 potions of heal wounds {unknown}
 m - 2 potions of resistance
 r - a potion of experience {unknown}
 s - 3 potions of mutation {unknown}
 v - 3 potions of lignification {unknown}
 z - 3 potions of flight {unknown}
 A - 2 potions of degeneration {unknown}
 C - a potion of curing {unknown}
 D - a potion of ambrosia {unknown}


   Skills:
 + Level 4.5 Fighting
 + Level 3.8 Maces & Flails
 - Level 0.1 Throwing
 + Level 4.7 Armour
 - Level 0.3 Dodging
 + Level 4.5 Shields
 - Level 1.0 Summonings


You had one spell level left.
You knew the following spells:

 Your Spells              Type           Power      Damage    Failure   Level
a - Call Imp              Summ           1%         N/A       83%         2
b - Wereblood             Tmut           0%         N/A       92%         2

Your spell library contained the following spells:

 Spells                   Type           Power      Damage    Failure   Level
 Magic Dart               Conj           0%         1d3       83%         1
 Mephitic Cloud           Conj/Pois/Air  0%         N/A       99%         3
 Petrify                  Tmut/Erth      0%         N/A       100%        4
 Irradiate                Conj/Tmut      0%         3d11      100%        5
 Sublimation of Blood     Necr           Unusable   N/A       N/A         2
 Summon Hydra             Summ           Unusable   N/A       N/A         7

Dungeon Overview and Level Annotations

Branches:
Dungeon (4/15)
 Temple: D:4-7

Altars:
Dithmenos
Makhleb
Okawaru
Trog
Zin
The Shining One


Innate Abilities, Weirdness & Mutations

You are immune to sickness and miasma.
Your stone body is resilient. (AC +4)
You are immune to poison.
You resist negative energy. (rN+)
You are resistant to electric shocks. (rElec)
You are resistant to unholy torment.
You are immune to petrification.


Message History

The ball python barely misses you. The ball python grabs you.
The ball python constricts you.
You barely miss the ball python.
The ball python bites you but does no damage.
The ball python constricts you.
You hit the ball python.
The ball python is poisoned.
The ball python is severely wounded.
The ball python barely misses you. The ball python constricts you.
You block the ball python's attack. The ball python constricts you.
You hit the ball python but do no damage.
The ball python looks as sick as possible!
The ball python is severely wounded.
You kill the ball python!
Okawaru accepts your kill.
Found a smoky emerald potion.
D - a smoky emerald potion
Found a chain mail.
You see here a +0 dagger.
There is an open door here.
You now have 166 gold pieces (gained 18).
There is an open door here.
Found a stone staircase leading down.
There is a stone staircase leading up here.
You see here a +0 trident.
Found a scroll labelled PAYC DIESMIMP.
The ogre attacks as you move away! The ogre closely misses you.
You hit the ogre but do no damage.
The ogre is poisoned.
The ogre barely misses you.
You hit the ogre.
The ogre looks as sick as possible!
The ogre is moderately wounded.
You barely miss the ogre.
The ogre is moderately wounded.
The ogre hits you with a +0 giant spiked club!!
Ouch! That really hurt!
The ogre attacks as you move away! You block the ogre's attack.
There is an open door here.
The ogre attacks as you move away!
The ogre hits you with a +0 giant spiked club!!
Ouch! That really hurt!
You die...

#.##...#.##### ### ###
#.##.#.#.##..# #.# #.#
#....#.#.##..###.###.######
#....#....#...<.........).#
..#.....#....####.#######.##
#...###...#...........##...#
....###..#######..#......#...?...
.##..'###### ###O##.####...######
.##..#....≈###..@.#.# ##.##
.)...#....≈#.'..8.#.# .#
.#####....≈#.#.8..+.# .# .#
#≈≈≈≈≈#.#....### .#
.##########')##'### .# ......>#
#..##..# .# ######.# #..<...# #.#
##.###.# ..[. #####.#####.#
#.######## .._.


You could see an ogre (very poisoned).

Vanquished Creatures
  A scorpion (D:4)
  2 orc priests (D:4)
  A jelly (D:4)
  2 orc wizards
  5 adders
  3 worms
  8 orcs
  6 ball pythons
  5 bats
  7 endoplasms
  2 giant cockroaches
  4 goblins
  7 hobgoblins
  3 jackals (D:2)
  4 quokkas
  3 frilled lizards
  4 kobolds
  4 rats
71 creatures vanquished.

Vanquished Creatures (others)
  A plant (D:3)
1 creature vanquished.

Grand Total: 72 creatures vanquished

Notes
Turn   | Place    | Note
-------+----------+-------------------------------------------
     0 | D:1      | stepladder the Gargoyle Fighter began the quest for the
                  | Orb.
     0 | D:1      | Reached XP level 1. HP: 14/14 MP: 1/1
   172 | D:1      | Reached XP level 2. HP: 13/19 MP: 2/2
  1270 | D:2      | Reached XP level 3. HP: 12/23 MP: 3/3
  1880 | D:2      | Reached XP level 4. HP: 28/28 MP: 4/4
  1894 | D:2      | Learned a level 2 spell: Call Imp
  1917 | D:2      | Found a faded altar of an unknown god.
  2792 | D:3      | Found a shadowy altar of Dithmenos.
  2794 | D:3      | Found an iron altar of Okawaru.
  2825 | D:3      | Found a glowing golden altar of the Shining One.
  2834 | D:3      | Became a worshipper of Warmaster Okawaru
  2913 | D:3      | Reached XP level 5. HP: 12/33 MP: 5/5
  3128 | D:3      | Found a burning altar of Makhleb.
  3128 | D:3      | Noticed a balrug
  3136 | D:3      | Found a glowing silver altar of Zin.
  3138 | D:3      | Noticed an angel
  3389 | D:3      | Reached skill level 1 in Summonings
  3901 | D:4      | Noticed an ogre
  4695 | D:4      | Reached XP level 6. HP: 20/38 MP: 6/6
  4887 | D:4      | Found a bloodstained altar of Trog.
  5022 | D:4      | Learned a level 2 spell: Wereblood
  5215 | D:4      | Mangled by an ogre

Illustrated notes

Levels and vault maps discovered:
D:1:      minmay_arrival_arboretum_small, layout_loops_ring
D:2:      layout_loops_ring, hellmonk_ecumenical_altar_leap_of_faith
D:3:      layout_basic, grunt_temple_overflow_order_and_chaos_2,
          gammafunk_temple_overflow_forgotten, dreamdust_princess_bridge,
          chequers_serial_rivers_micro_c
D:4:      layout_loops_ring, mainiacjoe_overflow_alcove_2,
          nicolae_overflow_hidden_temple, serial_rivers,
          chequers_serial_rivers_room_a, chequers_serial_rivers_micro_e,
          chequers_serial_rivers_micro_b, chequers_serial_rivers_room_a,
          minmay_misc_feat_cross, kennysheep_generic_room_14

Skill      XL: |  1  2  3  4  5 |
---------------+----------------+-----
Maces & Flails | 3 |  3.8
Armour         | 4 |  4.7
Fighting       | 4 |  4.5
Shields        | 4 |  4.5
Summonings     | 1 |  1.0
Throwing       | |  0.1
Dodging        | |  0.3

Action                   |  1- 3 |  4- 6 || total
-------------------------+-------+-------++-------
Melee: Flail             |   133 |    11 ||   144
       Short sword       |       |   102 ||   102
       Dagger            |       |    51 ||    51
Throw: Stone             |     5 |    13 ||    18
  Use: Potion            |       |     1 ||     1
       Scroll            |       |     2 ||     2
Armor: Scale mail        |    92 |    65 ||   157
Dodge: Dodged            |    76 |    49 ||   125
Block: Buckler           |    36 |    24 ||    60

Table legend: (Time is in decaauts)
 A = Elapsed time spent in this place.
 B = Non-inter-level travel time spent in this place.
 C = Inter-level travel time spent in this place.
 D = Time resting spent in this place.
 E = Time spent auto-exploring this place.
 F = Levels seen in this place.
 G = Mean time per level.
                   A        B        C        D        E       F      G
               +--------+--------+--------+--------+--------+-----+--------+
         Total |   5281 |   5281 |      0 |   1590 |   2096 |   4 | 1320.2 |
       Dungeon |   5281 |   5281 |      0 |   1590 |   2096 |   4 | 1320.2 |
               +--------+--------+--------+--------+--------+-----+--------+

Top non-repeatable levels by time:
     D:3: 1644 daAuts
     D:2: 1465 daAuts
     D:1: 1236 daAuts
     D:4: 934 daAuts
